AoeStats
← sakeone

Nomad

509183729Analyzed
2v2 RM · 8d ago on Sep 25, 2026· 24m 31s· 4 players
Game mode
Random Map
Map size
176×176
Population
200
Speed
Normal
Resources
Standard
Victory
Conquest
Starting age
Dark Age
Ending age
Imperial Age
RankedLock teamsTeams togetherTeam positionsShared explorationLock speedFull tech treeHidden civsTurbo modeCheats
Victory
Defeat
🇦🇺 Italians · Australia
887
+16
🇦🇷 Burgundians · Argentina
845
+18
🇪🇸 Vikings · Spain
928
-19
🇪🇸 Varangians · Spain
837
-15
sakeone
4:41 Loom
16:52 Feudal Age
18:26 Town Watch
18:37 Double-Bit Axe
23:18 Castle Age
21:37 Gold Mining
22:08 Horse Collar
24:10 Scale Mail Armor
24:21 Forging
24:03 Fletching
24:18 Pikeman
xDakaaH
3:37 Loom
14:26 Feudal Age
15:35 Double-Bit Axe
21:38 Castle Age
21:01 Horse Collar
23:06 Fletching
La Wacha Piola
11:48 Loom
13:38 Feudal Age
11:56 Loom
19:23 Castle Age
21:46 Husbandry
21:09 Cavalier
23:15 Forging
24:04 Scale Barding Armor
jd58424
4:38 Loom
13:46 Feudal Age
14:35 Fishing Lines
18:44 Castle Age
19:40 Husbandry
19:55 Scale Barding Armor
20:01 Forging
19:42 Fletching
19:52 Padded Archer Armor
Connection lost

Rejoining the realm…

Still unreachable

The connection could not be restored.

Session expired

The server has moved on; the page needs a fresh start.